 Dungeon Crawl Stone Soup version 0.17.0-28-g6e173f8 (webtiles) character file.

220 Ponchio the Grave Robber (level 5, -8/42 HPs)
             Began as a Deep Dwarf Necromancer on Nov 28, 2015.
             Killed by divine providence
             ... invoked by an orc priest
              (11 damage)
             ... on level 4 of the Dungeon.
             The game lasted 00:39:12 (4079 turns).

Ponchio the Grave Robber (Deep Dwarf Necromancer)   Turns: 4079, Time: 00:39:12

Health: -8/42      AC:  3    Str: 12    XL:     5   Next: 64%
Magic:  9/10       EV:  7    Int: 16    God:
Gold:   84         SH:  0    Dex: 13    Spells: 3 memorised, 3 levels left

rFire  . . .     SeeInvis +     e - +3 dagger (speed)
rCold  . . .     Clarity  .     a - +0 robe
rNeg   . . .     SustAt   .     (no shield)
rPois  .         Gourm    .     (no helmet)
rElec  .         Spirit   .     (no cloak)
rCorr  .         Warding  .     l - +0 pair of gloves
rMut   .         Stasis   .     (no boots)
MR     .....                    (no amulet)
Stlth  ++........               (no ring)
                                t - ring of see invisible

@: non-regenerating, not resistant to hostile enchantments, unstealthy
A: damage resistance, recharge devices, sense surroundings 1, slow regeneration
3
a: Device Recharging


You were on level 4 of the Dungeon.
You were not hungry.

You visited 1 branch of the dungeon, and saw 4 of its levels.

You collected 84 gold pieces.

Inventory:

Hand Weapons
 e - a +3 dagger of speed (weapon)
Armour
 a - a +0 robe (worn)
 l - a +0 pair of gloves (worn)
Jewellery
 t - a ring of see invisible (left hand)
 A - an uncursed amulet of resist mutation {unknown}
Wands
 c - a wand of heal wounds (3)
Scrolls
 f - a scroll of enchant armour {unknown}
 i - a scroll of blinking
 m - 2 scrolls of magic mapping
 y - a scroll of teleportation
Potions
 g - a potion of brilliance
 n - a potion of degeneration
 o - a potion of magic {unknown}
 p - a potion of invisibility {unknown}
 q - a potion of curing {unknown}
 r - a potion of poison {unknown}
 s - 2 potions of heal wounds
 x - a potion of might {unknown}
Books
 b - a book of Necromancy

   Spells                             Type                      Level
   a - Pain                           Necromancy                   1
   b - Animate Skeleton               Necromancy                   1
   c - Vampiric Draining              Necromancy                   3
   d - Regeneration                   Charms/Necromancy            3
   e - Animate Dead                   Necromancy                   4
   f - Control Undead                 Necromancy                   4
Comestibles
 d - 3 bread rations
 j - a meat ration
 k - 7 fruits
 v - a beef jerky


   Skills:
 - Level 2.3 Dodging
 - Level 2.5 Stealth
 * Level 3.6 Spellcasting
 + Level 6.2 Necromancy


You had 3 spell levels left.
You knew the following spells:

 Your Spells              Type           Power        Failure   Level  Hunger
a - Pain                  Necr           ###.         1%          1    None
b - Vampiric Draining     Necr           ###.......   4%          3    ###....
c - Animate Dead          Necr           N/A          14%         4    ####...


Dungeon Overview and Level Annotations

Branches:
Dungeon (4/15)
 Temple: D:4-7

Altars:
Yredelemnul


Innate Abilities, Weirdness & Mutations

You are resistant to damage.
You can recharge devices by infusing magical energy.
You passively map a small area around you.
You do not regenerate naturally.


Message History

The jelly convulses in agony!
Casting: Pain
Confirm with . or Enter, or press ? or * to list all spells.
Aiming: Pain
Press: ? - help, Shift-Dir - straight line, f/p - jelly
Aim: a jelly (lightly wounded, chance to defeat MR: 87%)
The jelly convulses in agony!
The orc priest mumbles some strange prayers to Beogh against you.
Pain shoots through your body!
* * * LOW HITPOINT WARNING * * *
Things that are here:
a club; a ring mail
Items here: )) [[ a leather armour; a dagger; a robe; a dagger
Things that are here:
a leather armour; a hand axe
There is a stone staircase leading up here.
The orc priest invokes the aid of Beogh against you.
Something smites you!
You die...

############
#....@.....#
#.........>#
#...J......#
,
#..........#
##o#########
**#####[# ,
, #...).# *
, #...o#####
#..#.... ***
,


You could see a jelly and an orc priest.

Vanquished Creatures
  2 orc wizards (D:4)
  Natasha (thrice) (D:3)
  2 adders
  An ooze (D:2)
  3 giant geckos
  10 orcs
  6 giant cockroaches
  12 goblins
  11 hobgoblins
  5 jackals
  10 kobolds
  2 quokkas
  A ball python (D:2)
  7 bats
  A giant gecko skeleton (D:4)
  3 giant newts
  8 rats
87 creatures vanquished.

Vanquished Creatures (collateral kills)
  A hobgoblin (D:3)
1 creature vanquished.

Grand Total: 88 creatures vanquished

Notes
Turn   | Place    | Note
--------------------------------------------------------------
     0 | D:1      | Ponchio the Deep Dwarf Necromancer began the quest for the Orb.
     0 | D:1      | Reached XP level 1. HP: 15/15 MP: 3/3
    79 | D:1      | Reached XP level 2. HP: 8/22 MP: 1/4
   963 | D:1      | Reached skill level 5 in Necromancy
  1149 | D:1      | Reached XP level 3. HP: 28/28 MP: 6/6
  1154 | D:1      | Learned a level 3 spell: Vampiric Draining
  2075 | D:2      | Reached XP level 4. HP: 33/36 MP: 2/7
  2768 | D:2      | Learned a level 4 spell: Animate Dead
  2955 | D:3      | Noticed Natasha
  2974 | D:3      | Killed Natasha
  3045 | D:3      | Noticed Natasha
  3051 | D:3      | Killed Natasha
  3155 | D:3      | Noticed Natasha
  3157 | D:3      | Killed Natasha
  3157 | D:3      | Reached XP level 5. HP: 21/42 MP: 2/9
  3180 | D:3      | Found a basalt altar of Yredelemnul.
  3801 | D:4      | Reached skill level 6 in Necromancy
  4079 | D:4      | Killed from afar by an orc priest

Action                   |  1- 3 |  4- 6 || total
-------------------------+-------+-------++-------
Melee: Unarmed           |    11 |       ||    11
       Dagger            |    25 |    92 ||   117
 Cast: Pain              |    58 |    48 ||   106
       Vampiric Draining |     3 |    13 ||    16
       Animate Dead      |       |     2 ||     2
Evoke: Wand              |     1 |     1 ||     2
  Use: Scroll            |       |    11 ||    11
 Stab: Sleeping          |     2 |     3 ||     5
  Eat: Chunk             |     4 |     9 ||    13
